 Dungeon Crawl Stone Soup version 0.29.0-4-gdea44cf6ec (webtiles) character file.

Game seed: 9705083195039849379

7 qw the Caller (level 2, -1/22 HPs)
             Began as a Ghoul Summoner on Sept 10, 2022.
             Slain by a jackal (2 damage)
             ... on level 1 of the Dungeon.
             The game lasted 00:00:08 (170 turns).

qw the Caller (Ghoul Summoner)                       Turns: 170, Time: 00:00:08

Health: -1/22      AC:  2    Str: 11    XL:     2   Next: 4%
Magic:  0/3        EV: 12    Int: 10    God:
Gold:   0          SH:  0    Dex:  9    Spells: 3/4 levels left

rFire   . . .      SeeInvis .   (no weapon)
rCold   + . .      Faith    .   (no shield)
rNeg    + + +      Spirit   .   a - +0 robe
rPois   inf        Reflect  .   (no helmet)
rElec   .          Harm     .   (no cloak)
rCorr   .          Rampage  .   (no gloves)
Will    .....                   (no boots)
Stlth   ++........              (no amulet)
HPRegen 0.00/turn               (no ring)
MPRegen 0.08/turn               (no ring)

@: inhibited regen
A: claws 1, cold resistance 1, negative energy resistance 3, inhibited
regeneration, torment resistance 2, devour on kill
a: no special abilities


You were on level 1 of the Dungeon.
You visited 1 branch of the dungeon, and saw 1 of its levels.


Innate Abilities, Weirdness & Mutations

You are immune to poison.
You have sharp fingernails.
Your flesh is cold resistant. (rC+)
You are immune to negative energy. (rN+++)
You do not regenerate when monsters are visible.
You are immune to unholy pain and torment.
You thrive by killing the living.


   Skills:
 + Level 0.9 Fighting
 - Level 1.0 Axes
 - Level 1.7 Dodging
 - Level 2.1 Stealth
 - Level 1.7 Spellcasting
 - Level 3.6 Summonings


You had 3 spell levels left.
You knew the following spells:

 Your Spells              Type           Power      Damage    Failure   Level
a - Summon Small Mammal   Summ           32%        N/A       8%          1

Your spell library contained the following spells:

 Spells                   Type           Power      Damage    Failure   Level
 Call Imp                 Summ           8%         N/A       11%         2
 Call Canine Familiar     Summ           8%         N/A       22%         3
 Summon Guardian Golem    Hex/Summ       4%         N/A       43%         3
 Summon Lightning Spire   Summ/Air       4%         N/A       83%         4

Inventory:

Armour
 a - a +0 robe (worn)
Scrolls
 c - a scroll of vulnerability {unknown}
Potions
 b - a potion of magic

Dungeon Overview and Level Annotations

Branches:
Dungeon (1/15)

Altars:


Message History

Your bat closely misses the jackal.
The jackal barely misses your bat. The jackal misses your bat.
Your bat closely misses the jackal.
The jackal closely misses your bat.
Your bat hits the jackal but does no damage.
Your bat barely misses the jackal.
You closely miss the jackal. The jackal closely misses you.
Your bat completely misses the jackal.
You completely miss the jackal.
Your bat hits the jackal but does no damage.
The jackal bites you but does no damage.
You barely miss the jackal.
Your bat hits the jackal but does no damage.
The jackal closely misses you. The jackal misses you.
Your bat hits the jackal but does no damage.
You completely miss the jackal. The jackal closely misses you.
The jackal bites you. x2
Your bat hits the jackal. The jackal bites you.
You scratch the jackal but do no damage.
The jackal is moderately wounded.
Your bat barely misses the jackal.
The jackal misses you. x2
167 ||| CASTING Summon Small Mammal
Casting: Summon Small Mammal (safe; 8% risk of failure)
Confirm with . or Enter, or press ? or * to list all spells.
Your bat hits the jackal but does no damage.
The jackal misses you. The jackal bites you.
The jackal bites you but does no damage.
You scratch the jackal.
The jackal is almost dead.
Your bat barely misses the jackal.
The jackal bites you but does no damage.
Your bat hits the jackal but does no damage.
The jackal closely misses your bat. The jackal barely misses you.
Your rat closely misses the jackal.
You scratch the jackal.
You kill the jackal!
The jackal bites you.
You have reached level 2!
You scratch the jackal but do no damage.
Your bat closely misses the jackal.
The jackal bites you. x2
You die...

#.# #.. #.# #[# #.#
#.# #h#### #.@..#
########br..###
#...%##.......#
#.#.#..%.........
###'####........###
#B#.#i###.....###
###.### .#....#
#B#.#d#.##.#....
###.#### #.#.####


You could see a jackal (ally target), a friendly bat (summoned) and a friendly
rat (summoned).

Vanquished Creatures
  A hobgoblin (D:1)
  3 jackals (D:1)
4 creatures vanquished.

Vanquished Creatures (collateral kills)
  A hobgoblin (D:1)
  A rat (D:1)
2 creatures vanquished.

Grand Total: 6 creatures vanquished

Notes
Turn   | Place    | Note
-------+----------+-------------------------------------------
     0 | D:1      | qw the Ghoul Summoner began the quest for the Orb.
     0 | D:1      | Reached XP level 1. HP: 14/14 MP: 2/2
     0 | D:1      | 0 ||| qw: Version: 0.1-a-116-g5d60599
     0 | D:1      | 0 ||| qw: Game counter: 7439
     0 | D:1      | 0 ||| qw: Always use a shield: true
     0 | D:1      | 0 ||| qw: God list: Okawaru
     0 | D:1      | 0 ||| qw: Allow faded altars: false
     0 | D:1      | 0 ||| qw: Do Orc after D:15 true
     0 | D:1      | 0 ||| qw: Do second Lair branch before Depths: true
     0 | D:1      | 0 ||| qw: Lair rune preference: random
     0 | D:1      | 0 ||| qw: Plans: Normal
     0 | D:1      | 0 ||| PLANNING D:1-11
     2 | D:1      | Noticed a vampire
     2 | D:1      | Noticed a demigod
     4 | D:1      | Noticed an elf
     4 | D:1      | Noticed a tengu
     6 | D:1      | Noticed a human
     6 | D:1      | Noticed a naga
     8 | D:1      | Noticed a demonspawn
     8 | D:1      | Noticed a troll
    10 | D:1      | Noticed a vine stalker
    10 | D:1      | Noticed a spriggan
    12 | D:1      | Noticed an octopode
    14 | D:1      | Noticed a merfolk
    14 | D:1      | Noticed a minotaur
    17 | D:1      | Noticed a ghoul
    19 | D:1      | Noticed a gargoyle
    19 | D:1      | Noticed a palentonga
    21 | D:1      | Noticed an ogre
    23 | D:1      | Noticed a felid
    23 | D:1      | Noticed a meteoran
    25 | D:1      | Noticed a formicid
    25 | D:1      | Noticed a draconian
    27 | D:1      | Noticed a formicid
    27 | D:1      | Noticed a spriggan
    32 | D:1      | 32 ||| CASTING Summon Small Mammal
    33 | D:1      | 33 ||| CASTING Summon Small Mammal
    63 | D:1      | 63 ||| CASTING Summon Small Mammal
    64 | D:1      | 64 ||| CASTING Summon Small Mammal
    89 | D:1      | 89 ||| CASTING Summon Small Mammal
    90 | D:1      | 90 ||| CASTING Summon Small Mammal
   115 | D:1      | 115 ||| CASTING Summon Small Mammal
   116 | D:1      | 116 ||| CASTING Summon Small Mammal
   125 | D:1      | Reached skill level 1 in Axes
   142 | D:1      | 142 ||| CASTING Summon Small Mammal
   143 | D:1      | 143 ||| Stepping ~*~*~tactically~*~*~ (stealth).
   144 | D:1      | 144 ||| CASTING Summon Small Mammal
   155 | D:1      | 155 ||| CASTING Summon Small Mammal
   167 | D:1      | 167 ||| CASTING Summon Small Mammal
   169 | D:1      | HP: 3/15 [jackal (2)]
   170 | D:1      | Reached XP level 2. HP: 4/22 MP: 0/3
   170 | D:1      | HP: 1/22 [jackal (3)]
   170 | D:1      | Slain by a jackal

Levels and vault maps discovered:
D:1:      kb_arrival_jail, layout_loops_ring, nicolae_ecumenical_lake_church,
          corexii_hall_statues_l, reono_crystal_passage, roderic_lattice_a,
          st_stairs_9, minmay_shallow_snake_nest

Skill      XL: |  1 |
---------------+----+-----
Axes           | 1 |  1.0
Fighting       | |  0.9
Dodging        | |  1.7
Stealth        | |  2.1
Spellcasting   | |  1.7
Summonings     | |  3.6

Action                   || total
-------------------------++-------
Melee: Unarmed           ||    16
       Punch             ||     1
 Cast: Summon Small Mamm ||    10
Armor: Robe              ||     4
Dodge: Dodged            ||    14

Table legend:
 A = Non-vault XP
 B = Vault XP
 C = Vault XP percentage of total XP
 D = Non-vault monster count
 E = Vault monster count
 F = Vault count percentage of total count
                 A         B        C        D         E       F
            +---------+---------+-------+---------+---------+-------
      Total |      11 |       0 |   0.0 |       6 |       0 |   0.0
            +---------+---------+-------+---------+---------+-------
        D:1 |      11 |       0 |   0.0 |       6 |       0 |   0.0
            +---------+---------+-------+---------+---------+-------
